 Dungeon Crawl Stone Soup version 0.30.1-11-g7821555f0a (webtiles) character file.

Game seed: 1431846785157702953

5232 lonewolfV2 the Blocker (level 10, 0/82 HPs)
             Began as a Formicid Fighter on Dec 4, 2023.
             Was a Follower of Qazlal.
             Slain by an orc knight
             ... wielding a +0 glaive
              (25 damage)
             ... in a bailey.
             The game lasted 00:12:48 (8919 turns).

lonewolfV2 the Blocker (Formicid Fighter)           Turns: 8919, Time: 00:12:48

Health: 0/82       AC: 11    Str: 30    XL:     10   Next: 92%
Magic:  15/15      EV:  9    Int: 12    God:    Qazlal [*.....]
Gold:   567        SH: 17    Dex: 10    Spells: 9/9 levels left

rFire   + . .        a - +0 war axe
rCold   . . .        p - +0 kite shield
rNeg    . . .        b - +0 scale mail
rPois   .            (helmet unavailable)
rElec   .            (no cloak)
rCorr   +            t - +0 pair of gloves
SInv    +            y - +0 pair of boots
Will    +....        n - amulet of reflection Stlth
                     A - +6 ring of strength
HPRegen 0.33/turn    m - ring "Hymat" {rF+ rCorr Int+5 Dex-5 Slay+5}
MPRegen 0.14/turn

%: reflection
@: no status effects
A: permanent stasis, dig shafts and tunnels, antennae 3, four strong arms
a: Dig, Renounce Religion


You were in a bailey.
You worshipped Qazlal.
Qazlal was aware of your devotion.
You visited 2 branches of the dungeon, and saw 10 of its levels.
You also visited: Sewer and Bailey.

You collected 567 gold pieces.

Inventory:

Hand Weapons
 a - a +0 war axe (weapon)
Armour
 b - a +0 scale mail (worn)
 p - a +0 kite shield (worn)
 t - a +0 pair of gloves (worn)
 y - a +0 pair of boots (worn)
Jewellery
 e - a ring of poison resistance
 h - a +6 ring of intelligence
 m - the ring "Hymat" (right hand) {rF+ rCorr Int+5 Dex-5 Slay+5}
   (You found it on level 4 of the Dungeon)

   [ring of protection from fire]

   Int:       It affects your intelligence (+5).
   Dex:       It affects your dexterity (-5).
   Slay:      It affects your accuracy & damage with ranged weapons and melee
   (+5).
   rF:        It protects you from fire.
   rCorr:     It protects you from acid and corrosion.
 n - an amulet of reflection (around neck)
 o - a +5 ring of evasion
 r - an amulet of the acrobat
 w - an amulet of guardian spirit
 A - a +6 ring of strength (left hand)
Wands
 u - a wand of polymorph (6)
 z - a wand of charming (7)
Scrolls
 d - a scroll of amnesia
 f - a scroll of magic mapping
 q - 3 scrolls of teleportation
 x - a scroll of identify
Potions
 c - 7 potions of mutation
 j - a potion of degeneration
 l - 2 potions of lignification
 s - 4 potions of curing
 v - a potion of experience
 B - 2 potions of brilliance {unknown}
 C - a potion of magic


   Skills:
 - Level 8.5 Fighting
 - Level 7.4 Axes
 + Level 9.0 Armour
 - Level 9.2 Shields
 * Level 7.3 Invocations


You had 9 spell levels left.
You didn't know any spells.
Your spell library contained the following spells:

 Spells                   Type           Power      Damage    Failure   Level
 Kiss of Death            Conj/Necr      0%         2d5       69%         1
 Necrotise                Necr           0%         1d4       69%         1
 Cigotuvi's Dreadful Rot  Necr/Pois/Air  0%         N/A       83%         2
 Sublimation of Blood     Necr           0%         N/A       83%         2
 Confusing Touch          Hex            0%         N/A       96%         3
 Vampiric Draining        Necr           0%         2d6       96%         3
 Animate Dead             Necr           0%         N/A       100%        4
 Dispel Undead            Necr           0%         3d6       100%        4
 Manifold Assault         Tloc           0%         N/A       100%        4
 Petrify                  Tmut/Erth      0%         N/A       100%        4
 Agony                    Necr           0%         N/A       100%        5
 Borgnjor's Vile Clutch   Necr/Erth      0%         N/A       100%        5
 Irradiate                Conj/Tmut      0%         3d11      100%        5
 Summon Forest            Summ/Tloc      0%         N/A       100%        5
 Death Channel            Necr           0%         N/A       100%        6
 Eringya's Noxious Bog    Tmut/Pois      0%         N/A       100%        6
 Storm Form               Tmut/Air       0%         N/A       100%        7
 Summon Hydra             Summ           0%         N/A       100%        7
 Blink                    Tloc           Unusable   N/A       N/A         2

Dungeon Overview and Level Annotations

Branches:
Dungeon (9/15)             Temple (1/1) D:7           Sewer (visited)
 Bailey (1/1)
   Lair: D:8-11         Orc: D:9-12

Altars:
Cheibriados
Dithmenos
Elyvilon
Fedhas
Gozag
Hepliaklqana
Kikubaaqudgha
Makhleb
Nemelex Xobeh
Okawaru
Qazlal
Ru
Trog
Uskayaw
Vehumet
Wu Jian
Yredelemnul
Zin
The Shining One

Shops:
D:6 *   D:7 =[:*[

Annotations:
Temple 2 transporters


Innate Abilities, Weirdness & Mutations

You cannot be hasted, slowed, berserked, paralysed or teleported.
You can dig through walls and to a lower floor.
You have a pair of large antennae on your head. (SInv)
Your four strong arms can wield two-handed weapons with a shield.


Message History

You block the orc warrior's attack.
The orc knight hits you from afar with a +0 glaive!
* * * LOW HITPOINT WARNING * * *
Aiming: Polymorph
Press: ? - help, Q - select action, (/) - cycle Shift-Dir - straight line, f/p - orc knight
Aim: an orc knight, wielding a +0 glaive and wearing a +0 ring mail (strong, will become a spriggan, a two-headed ogre, or a cyclops, chance to affect: 31%)
The orc knight easily resists.
You block the orc warrior's attack. You block the orc knight's attack.
You feel much better. You block the orc warrior's attack.
You block the orc knight's attack.
Aiming: Charm
Press: ? - help, Q - select action, (/) - cycle Shift-Dir - straight line, f/p - orc knight
Aim: an orc knight, wielding a +0 glaive and wearing a +0 ring mail (strong, chance to affect: 31%)
The orc knight easily resists.
The orc warrior hits you from afar with a +0 glaive!!
* * * LOW HITPOINT WARNING * * *
You block the orc knight's attack.
Aiming: Charm
Press: ? - help, Q - select action, (/) - cycle Shift-Dir - straight line, f/p - orc knight
Aim: an orc knight, wielding a +0 glaive and wearing a +0 ring mail (strong, chance to affect: 31%)
The orc knight easily resists.
You block the orc warrior's attack. You block the orc knight's attack.
You feel much better. You block the orc warrior's attack.
You block the orc knight's attack.
The orc warrior hits you from afar with a +0 glaive!
* * * LOW HITPOINT WARNING * * *
You block the orc knight's attack.
There is a huge open gate, spattered with blood here.
Things that are here:
a +0 halberd; a +0 scale mail The orc warrior no longer looks unusually strong.
You block the orc warrior's attack.
The orc knight roars a battlecry!
The orc warrior goes into a battle-frenzy!
You slash the orc knight!
The orc knight is lightly wounded.
You closely miss the orc warrior.
The orc warrior hits you but does no damage.
The orc knight hits you with a +0 glaive!!
You die...

#..??...#
#.......#
#.......#
#.......#
#.......#
#.......#
#...oo..#
#.).@.#
#''')'#
##.....##
#.......#
#...)...#
#.))))..#
#..#)#..#
#....)..#
##.....##


You could see an orc knight (strong) and an orc warrior (strong).

Vanquished Creatures
  Pikel (D:6)
  2 orc knights (Bailey)
  Grinder (D:3)
  Sigmund (D:4)
  A wyvern (D:7)
  A steam dragon (D:6)
  Menkaure (D:4)
  A water moccasin (D:6)
  An ice beast (D:7)
  A sky beast (D:7)
  Pargi (Sewer)
  7 orc warriors (Bailey)
  2 ogres
  A phantom (D:5)
  A lemure (D:6)
  3 kobold brigands
  A bullfrog (D:8)
  2 scorpions
  10 wights (D:6)
  5 killer bees (D:9)
  A howler monkey (D:8)
  A jelly (D:3)
  3 hounds
  2 orc priests
  A gnoll bouda (D:6)
  A sleepcap (D:4)
  3 orc wizards
  2 iguanas (D:6)
  Natasha (thrice) (D:3)
  13 gnolls
  7 adders
  A river rat (D:5)
  2 white imps
  2 ufetubi
  3 worms
  8 dart slugs (D:5)
  33 orcs
  4 endoplasms
  5 giant cockroaches
  5 hobgoblins (D:1)
  5 jackals
  14 kobolds
  7 quokkas
  3 ball pythons
  10 bats
  10 frilled lizards (D:6)
  8 goblins
  6 rats
207 creatures vanquished.

Notes
Turn   | Place    | Note
-------+----------+-------------------------------------------
     0 | D:1      | lonewolfV2 the Formicid Fighter began the quest for the
                  | Orb.
     0 | D:1      | Reached XP level 1. HP: 18/18 MP: 1/1
    66 | D:1      | Reached XP level 2. HP: 24/24 MP: 2/2
   152 | D:1      | Reached XP level 3. HP: 28/30 MP: 3/3
  1087 | D:2      | Reached XP level 4. HP: 37/37 MP: 4/4
  1815 | D:3      | Reached XP level 5. HP: 9/43 MP: 5/5
  2093 | D:3      | Reached skill level 5 in Fighting
  2423 | D:3      | Noticed Natasha
  2432 | D:3      | Killed Natasha
  2445 | D:3      | Noticed Natasha
  2454 | D:3      | Killed Natasha
  2455 | D:3      | Reached XP level 6. HP: 43/51 MP: 6/6
  2475 | D:3      | Noticed Natasha
  2482 | D:3      | Killed Natasha
  2589 | D:3      | Noticed Grinder
  2606 | D:3      | Killed Grinder
  2607 | D:3      | Reached skill level 5 in Axes
  2607 | D:3      | Reached XP level 7. HP: 39/59 MP: 7/7
  2780 | D:4      | Noticed Sigmund
  2791 | D:4      | Killed Sigmund
  2913 | D:4      | Found a shadowy altar of Dithmenos.
  2925 | D:4      | Identified the ring "Hymat" {rF+ rCorr Int+5 Dex-5 Slay+5}
  3058 | D:4      | Noticed Menkaure
  3064 | D:4      | Killed Menkaure
  3065 | D:4      | Reached XP level 8. HP: 60/67 MP: 8/8
  3259 | D:5      | Entered Level 5 of the Dungeon
  3302 | D:5      | Found a glowing silver altar of Zin.
  3656 | D:5      | Found a glowing drain.
  3660 | Sewer    | Entered a sewer
  3787 | Sewer    | Noticed Pargi
  3797 | Sewer    | Killed Pargi
  4595 | D:5      | Identified the +7 dagger of Woe {vamp, rCorr Str-3 Dex+3}
  5006 | D:6      | Reached XP level 9. HP: 67/75 MP: 9/9
  5020 | D:6      | Reached skill level 5 in Shields
  5043 | D:6      | Found Sehemm's Elemental Accessories.
  5127 | D:6      | Reached skill level 5 in Armour
  5276 | D:6      | Noticed Pikel
  5294 | D:6      | Killed Pikel
  5438 | D:6      | Reached XP level 10. HP: 39/82 MP: 10/10
  5814 | D:6      | Found a snail-covered altar of Cheibriados.
  5967 | D:7      | Found a staircase to the Ecumenical Temple.
  6024 | Temple   | Entered the Ecumenical Temple
  6024 | Temple   | Found a transporter.
  6024 | Temple   | Found a transporter.
  6026 | Temple   | Found a transporter.
  6026 | Temple   | Found a transporter.
  6041 | Temple   | Became a worshipper of Qazlal Stormbringer
  6130 | D:7      | Found a glowing golden altar of the Shining One.
  6227 | D:7      | Found Juetrump's Antique Armour Shoppe.
  6339 | D:7      | Reached skill level 1 in Invocations
  6397 | D:7      | Found Eruichagh's Antique Armour Shop.
  6405 | D:7      | Found Tusiank's Assorted Antiques.
  6419 | D:7      | Found a burning altar of Makhleb.
  6583 | D:7      | Found Niskenik's Book Boutique.
  6734 | D:7      | Found Faoph's Jewellery Boutique.
  6875 | D:8      | Found a blossoming altar of Fedhas.
  7839 | D:9      | Found a flagged portal.
  7870 | Bailey   | Entered a bailey
  7902 | Bailey   | Reached * piety under Qazlal
  7908 | Bailey   | Reached skill level 5 in Invocations
  8480 | Bailey   | Noticed an orc knight
  8494 | Bailey   | Killed an orc knight
  8891 | Bailey   | Noticed an orc knight
  8903 | Bailey   | Noticed an orc knight
  8908 | Bailey   | Killed an orc knight
  8919 | Bailey   | Slain by an orc knight

Illustrated notes

Levels and vault maps discovered:
D:1:      dpeg_arrival_erosion, layout_basic
D:2:      layout_basic
D:3:      layout_basic, uniq_grinder, uniq_natasha
D:4:      layout_cave_pools, grunt_dithmenos_smoke, serial_glass,
          glass_columns_a, glass_columns_a, glass_columns_a, glass_columns_c,
          glass_columns_a, glass_columns_c, glass_columns_c, glass_columns_c,
          glass_columns_b, glass_columns_b, grunt_ministairs_15, uniq_sigmund,
          uniq_menkaure
D:5:      kennysheep_slugbush, layout_layer_cave, zin_treasury,
          gup_sewer_entry_spiral
D:6:      layout_rooms, cheibrodos_worm_habitat, chequers_serial_rivers_small_3,
          nicolae_elemental_shop, minmay_misc_feat_four_crosses,
          corexii_leaking_fountain, minmay_misc_feat_square, minmay_lizard_king,
          uniq_pikel
D:7:      layout_gridville, mainiacjoe_overflow_24_doors,
          mainiacjoe_overflow_alcove_1, minmay_temple_entry_trees, serial_shops,
          shop, nicolae_shop_back_alley_shop, shop,
          nicolae_shop_real_fake_doors, shop
D:8:      layout_layer_cave, fedhas_ov_isle_minmay
D:9:      layout_rooms, enter_bailey_5, uniq_amaemon
Temple:   hellmonk_temple_divided_pantheon
Bailey:   bailey_polearm_5, bailey

Skill      XL: |  1  2  3  4  5  6  7  8  9 10 |
---------------+-------------------------------+-----
Fighting       | 4 5 6 7 8 |  8.5
Axes           | 3 4 5 6 7 |  7.4
Armour         | 7 9 |  9.0
Shields        | 8 9 |  9.2
Invocations    | 7 |  7.3

Action                     |  1- 3 |  4- 6 |  7- 9 | 10-12 || total
---------------------------+-------+-------+-------+-------++-------
  Melee: War axe           |    83 |    69 |   244 |   136 ||   532
Ability: Dig               |       |       |     2 |       ||     2
  Evoke: Wand              |       |       |     1 |    11 ||    12
    Use: Potion            |       |     4 |       |    14 ||    18
         Scroll            |       |     2 |     8 |     3 ||    13
 Armour: Scale mail        |    53 |    25 |    60 |    38 ||   176
  Dodge: Dodged            |    62 |    28 |   110 |    73 ||   273
  Block: Buckler           |    27 |     2 |       |       ||    29
         Kite shield       |       |    54 |   223 |   212 ||   489
         Reflection        |       |       |    12 |     7 ||    19
